 Dungeon Crawl Stone Soup version 0.18.1-50-g88ac8fd (webtiles) character file.

80941 theElss the Bludgeoner (level 15, -4/101 HPs)
             Began as a Gargoyle Berserker on Oct 7, 2016.
             Was the Champion of Trog.
             Killed by divine providence
             ... invoked by an orc priest
              (12 damage)
             ... on level 2 of the Orcish Mines.
             The game lasted 01:35:47 (28254 turns).

theElss the Bludgeoner (Gargoyle Berserker)        Turns: 28254, Time: 01:35:48

Health: -4/101     AC: 34    Str: 29    XL:     15   Next: 68%
Magic:  24/24      EV:  8    Int:  8    God:    Trog [******]
Gold:   1891       SH: 17    Dex:  9    Spells: 0 memorised, 14 levels left

rFire  . . .     SeeInvis .     x - +2 demon whip (venom)
rCold  + + .     Gourm    +     T - +2 plate armour {MR+}
rNeg   + . .     Faith    .     D - +0 large shield
rPois  ∞         Spirit   .     i - +0 helmet
rElec  +         Dismiss  .     p - +0 cloak
rCorr  +         Reflect  .     (no gloves)
SustAt .         Harm     .     Y - +1 pair of boots
MR     ++++.                    u - amulet of the gourmand
Stlth  ..........               P - ring of Tosupteh {rCorr rC++ MP+9}
                                F - +2 ring of strength

@: exhausted, about to teleport, flying, regenerating, slowed, very slow,
incredibly resistant to hostile enchantments, extremely unstealthy
A: big wings, negative energy resistance 1, electricity resistance, unbreathing,
petrification resistance, rot immunity, AC +11
a: Stop Flying, Berserk, Trog's Hand, Brothers in Arms, Burn Spellbooks,
Renounce Religion


You were on level 2 of the Orcish Mines.
You worshipped Trog.
Trog was exalted by your worship.
You were very full.

You visited 3 branches of the dungeon, and saw 23 of its levels.

You collected 2452 gold pieces.
You spent 561 gold pieces at shops.

Inventory:

Hand Weapons
 b - the +6 great mace of Death's Door {holy, -Tele rPois Str+2 Stlth+}
   (Trog gifted it to you on level 12 of the Dungeon)

   It has been blessed by the Shining One to cause great damage to the undead
   and demons.
   It affects your strength (+2).
   It protects you from poison.
   It prevents most forms of teleportation.
   It makes you more stealthy.
 x - a +2 demon whip of venom (weapon)
Armour
 i - a +0 helmet (worn)
 p - a +0 cloak (worn)
 D - a +0 large shield (worn)
 R - the +1 buckler of Qytuph {rPois rC- Str+4}
   (You found it on level 7 of the Lair of Beasts)

   It affects your strength (+4).
   It makes you vulnerable to cold.
   It protects you from poison.
 T - a +2 plate armour of magic resistance (worn)
 Y - a +1 pair of boots (worn)
Jewellery
 u - an amulet of the gourmand (around neck)
 v - an uncursed ring of see invisible
 z - an uncursed ring of protection from magic
 F - a +2 ring of strength (left hand)
 N - an uncursed ring of protection from cold
 O - an uncursed ring of sustain attributes
 P - the ring of Tosupteh (right hand) {rCorr rC++ MP+9}
   (You found it on level 8 of the Lair of Beasts)

   [ring of resist corrosion]

   It greatly protects you from cold.
   It affects your magic capacity (+9).
Wands
 a - a wand of teleportation (7/9)
 k - a wand of lightning (6/15)
 l - a wand of hasting (2/9)
 y - a wand of digging (9/24)
 B - a wand of flame (10/48)
 Q - a wand of iceblast (5/15)
 S - a wand of slowing (16/48)
 W - a wand of flame (27/48)
Scrolls
 e - 7 scrolls of magic mapping
 h - 3 scrolls of blinking
 o - a scroll of enchant weapon
 q - 7 scrolls of remove curse
 r - 4 scrolls of teleportation
 s - a scroll of enchant armour
 H - 3 scrolls of fog
 M - a scroll of identify
Potions
 d - a potion of invisibility
 j - 5 potions of cancellation
 t - a potion of might
 w - 7 potions of curing
 I - 2 potions of agility
 J - 4 potions of haste
 U - 2 potions of cure mutation
 Z - 3 potions of resistance
Miscellaneous
 V - a disc of storms
Comestibles
 c - 12 bread rations
 f - 11 chunks of flesh
 g - 7 meat rations
 n - 2 royal jellies
 A - 10 beef jerkies
 G - 5 fruits
 L - 4 slices of pizza


   Skills:
 - Level 14.5 Fighting
 - Level 16.4 Maces & Flails
 - Level 12.0 Armour
 - Level 10.1 Dodging
 + Level 6.9 Shields


You had 14 spell levels left.
You didn't know any spells.

Dungeon Overview and Level Annotations

Branches:
Dungeon (13/15)            Temple (0/1) D:5            Lair (8/8) D:11
  Swamp (0/4) Lair:5        Snake (0/4) Lair:4        Slime (0/6) Lair:6
    Orc (2/2) D:12            Elf (0/3) Orc:2
 Vaults: D:13-14

Altars:
Fedhas
Kikubaaqudgha
Makhleb
Okawaru
Pakellas
Ru
Trog
The Shining One
Beogh

Shops:
D:6 }!   D:10 *:   Orc:1 =

Portals:
Hell: Lair:8


Innate Abilities, Weirdness & Mutations

You are resistant to torment.
Your stone body is resilient (AC +11).
You are immune to poison.
Your large and strong wings let you fly indefinitely.
You resist negative energy.
You are resistant to electric shocks.
You can survive without breathing.
You are immune to petrification.
You are immune to rotting.


Message History

The orc warrior hits you but does no damage.
The orc priest hits you but does no damage.
The orc priest casts a cantrip, but nothing happens.
You block the orc priest's attack.
Unknown command.
You hit the orc priest.
The orc priest is poisoned.
The orc priest is heavily wounded.
The orc warrior barely misses you. You block the orc priest's attack.
You block the orc warrior's attack.
The orc priest hits you but does no damage. x2
Unknown command.
You whack the orc priest!
You kill the orc priest!
Trog accepts your kill.
The orc priest invokes the aid of Beogh against you.
Beogh smites you!
* * * LOW HITPOINT WARNING * * *
The orc priest mumbles some strange prayers to Beogh against you.
Beogh smites you!
You die...

. .##.##.###..#.....##.)
... ....... #............
#.#.##....####........#..
....#......#..........##.
#....................####
.............#........# #
......................# #
........oo.............
.......o@)o............
.##..#..)o............#
#.......o[...........
............$.........#
..#.............§....##
.............o).......#
..............)........
.............†..)......
....#.......######.o.##


You could see an orc high priest, 2 orc warriors, 3 orc priests and an orc
wizard.

Vanquished Creatures
  Maud (Lair:8)
  2 dire elephants (Lair:8)
  7 hydras
  The ghost of Chiseanne the Thaumaturge, a journeyman CeAE of Gozag (D:11)
  Erica (D:9)
  The ghost of Chiseanne the Thaumaturge, a journeyman CeAE of Gozag (D:9)
  A death yak (Lair:8)
  An orc high priest (Orc:2)
  A sun demon (Lair:8)
  A fire crab (Lair:6)
  A wizard (Lair:8)
  5 hill giants
  An ugly thing (D:11)
  2 manticores (Lair:6)
  4 oklob plants (Lair:3)
  4 orc sorcerers
  A cyclops (D:11)
  5 griffons
  A gargoyle (D:11)
  14 elephants
  8 black mambas
  A smoke demon (Lair:8)
  Psyche (D:8)
  18 spiny frogs
  7 orange demons (Lair:8)
  7 rime drakes
  A kobold demonologist (D:9)
  2 red devils (Lair:8)
  4 komodo dragons
  An ice devil (Lair:8)
  A hellwing (Lair:8)
  2 trolls (D:12)
  26 blink frogs
  6 slime creatures (D:12)
  2 wraiths
  65 yaks
  9 wyverns
  2 shadows
  6 basilisks
  Grum (D:9)
  2 hill giant zombies (D:12)
  2 steam dragons
  8 hippogriffs
  2 hungry ghosts
  2 vampire mosquitoes (D:12)
  A warg (Orc:1)
  Menkaure (D:6)
  A soldier ant (D:11)
  12 water moccasins
  2 nagas (Lair:4)
  20 orc warriors
  14 porcupines
  2 sky beasts
  5 phantoms
  2 wasps
  2 black bears
  An ice beast (D:11)
  An eye of draining (D:10)
  11 ogres
  18 wolves
  22 crocodiles
  9 centaurs
  4 big kobolds
  20 giant frogs
  A gnoll sergeant (D:10)
  2 troll zombies (D:12)
  4 scorpions
  The ghost of Philosophy the Cudgeler, a weakling MiBe of Trog (D:3)
  11 killer bees
  A howler monkey (D:5)
  4 electric eels
  13 wights
  4 crimson imps
  5 hounds
  2 quasits
  A giant frog zombie (D:12)
  18 jellies
  40 orc wizards
  A centaur skeleton (D:9)
  2 giant frog skeletons
  24 orc priests
  12 iguanas
  4 worker ants
  12 sheep
  2 ogre zombies (D:12)
  3 worker ant zombies
  16 gnolls
  9 adders
  60 river rats
  2 shadow imps
  5 worms
  2 dart slugs (D:1)
  4 giant geckos
  105 orcs
  2 bats
  5 giant cockroaches
  4 goblins
  3 hobgoblins
  11 jackals
  3 quokkas
  2 ball pythons
  A giant cockroach zombie (D:5)
  A giant gecko skeleton (D:4)
  4 giant newts
  A goblin skeleton (D:12)
  A goblin zombie (D:12)
  A hobgoblin skeleton (D:12)
  3 hobgoblin zombies (D:12)
  2 jackal skeletons
  24 kobolds
  3 orc skeletons (D:12)
  10 orc zombies (D:12)
  A quokka skeleton (D:3)
  9 rats
  3 plants
853 creatures vanquished.

Vanquished Creatures (others)
  Erolcha (D:9)
  An orc wizard (D:10)
  A kobold (D:8)
  18 fungi
  20 plants
41 creatures vanquished.

Grand Total: 894 creatures vanquished

Notes
Turn   | Place    | Note
--------------------------------------------------------------
     0 | D:1      | theElss the Gargoyle Berserker began the quest for the Orb.
     0 | D:1      | Reached XP level 1. HP: 14/14 MP: 1/1
   343 | D:1      | Reached XP level 2. HP: 18/19 MP: 2/2
  1340 | D:2      | Reached XP level 3. HP: 14/24 MP: 3/3
  1568 | D:2      | Found a glowing golden altar of the Shining One.
  2104 | D:3      | Reached ** piety under Trog
  2104 | D:3      | Reached XP level 4. HP: 25/29 MP: 4/4
  2226 | D:3      | Found an oddly glowing altar of Pakellas.
  2532 | D:3      | Noticed Philosophy's ghost (weakling MiBe)
  2542 | D:3      | Killed Philosophy's ghost
  2542 | D:3      | Reached skill level 4 in Maces & Flails
  2542 | D:3      | Reached XP level 5. HP: 34/34 MP: 5/5
  3058 | D:4      | Reached XP level 6. HP: 39/39 MP: 6/6
  3218 | D:4      | Noticed an orc warrior
  3558 | D:4      | Reached *** piety under Trog
  3666 | D:4      | Killed an orc warrior
  3666 | D:4      | Reached skill level 5 in Fighting
  3666 | D:4      | Reached skill level 5 in Maces & Flails
  3666 | D:4      | Reached XP level 7. HP: 42/44 MP: 7/7
  4323 | D:5      | Entered Level 5 of the Dungeon
  4570 | D:5      | Found a staircase to the Ecumenical Temple.
  5025 | D:5      | Reached XP level 8. HP: 9/50 MP: 8/8
  5488 | D:5      | Reached skill level 6 in Maces & Flails
  5488 | D:5      | Reached skill level 5 in Dodging
  5686 | D:6      | Found Emaisid's Gadget Boutique.
  6155 | D:6      | Found an iron altar of Okawaru.
  6328 | D:6      | Found a bloodstained altar of Trog.
  6374 | D:6      | Found Oleaq's Distillery.
  6382 | D:6      | Bought a potion of haste for 110 gold pieces
  6382 | D:6      | Bought a potion of degeneration for 11 gold pieces
  6382 | D:6      | Bought a potion of flight for 33 gold pieces
  6382 | D:6      | Bought a potion of agility for 44 gold pieces
  6382 | D:6      | Bought a potion of brilliance for 44 gold pieces
  6428 | D:6      | Noticed Menkaure
  6435 | D:6      | Killed Menkaure
  6646 | D:7      | Reached XP level 9. HP: 52/56 MP: 9/9
  6802 | D:7      | Reached **** piety under Trog
  7011 | D:7      | Reached skill level 7 in Maces & Flails
  7692 | D:7      | Found a blossoming altar of Fedhas.
  7730 | D:7      | Reached skill level 5 in Armour
  8520 | D:8      | Found a sacrificial altar of Ru.
  8644 | D:7      | Reached XP level 10. HP: 64/64 MP: 10/10
  8652 | D:7      | Reached skill level 8 in Maces & Flails
  8867 | D:8      | Reached ***** piety under Trog
  9261 | D:8      | Found an ancient bone altar of Kikubaaqudgha.
  9314 | D:8      | Noticed Psyche
  9327 | D:8      | Killed Psyche
  9458 | D:9      | Noticed Erica
  9542 | D:9      | Killed Erica
  9743 | D:9      | Noticed Erolcha
  9753 | D:9      | Paralysed by something for 7 turns
  9774 | D:9      | Killed Erolcha
 10087 | D:9      | Noticed a kobold demonologist
 10094 | D:9      | Killed a kobold demonologist
 10220 | D:9      | Reached skill level 9 in Maces & Flails
 10415 | D:9      | Noticed Grum
 10429 | D:9      | Killed Grum
 10479 | D:9      | Reached XP level 11. HP: 69/71 MP: 11/11
 10587 | D:9      | Noticed Chiseanne's ghost (journeyman CeAE)
 10653 | D:9      | Killed Chiseanne's ghost
 10925 | D:10     | Entered Level 10 of the Dungeon
 11119 | D:10     | Found Xown's General Store.
 11181 | D:10     | Bought a scroll of identify for 32 gold pieces
 11181 | D:10     | Bought a scroll of identify for 32 gold pieces
 11224 | D:10     | Reached skill level 1 in Shields
 11592 | D:10     | Received a gift from Trog
 12130 | D:10     | Found Violoite's Book Shop.
 12335 | D:10     | Noticed a hill giant
 12356 | D:10     | Killed a hill giant
 12564 | D:11     | Noticed a hill giant
 12602 | D:11     | Killed a hill giant
 12667 | D:11     | Noticed a brown ugly thing
 12670 | D:11     | Noticed a cyclops
 12862 | D:11     | Killed a brown ugly thing
 12862 | D:11     | Reached skill level 10 in Maces & Flails
 12991 | D:11     | Killed a cyclops
 12991 | D:11     | Reached skill level 10 in Fighting
 13171 | D:11     | Reached XP level 12. HP: 46/77 MP: 12/12
 13627 | D:11     | Found a staircase to the Lair.
 13972 | D:11     | Reached skill level 11 in Maces & Flails
 14002 | D:11     | Noticed Chiseanne's ghost (journeyman CeAE)
 14022 | D:11     | Killed Chiseanne's ghost
 14022 | D:11     | Reached skill level 5 in Shields
 14437 | D:12     | Received a gift from Trog
 14463 | D:12     | Got a transparent great mace {god gift}
 14474 | D:12     | Found a staircase to the Orcish Mines.
 14999 | D:12     | Identified a scroll of acquirement
 15006 | D:12     | Identified the +6 great mace of Death's Door {holy, -Tele rPois Str+2 Stlth+} (Trog gifted it to you on level 12 of the Dungeon)
 15151 | D:12     | Reached skill level 12 in Maces & Flails
 15904 | Lair:1   | Entered Level 1 of the Lair of Beasts
 15933 | Lair:1   | Reached XP level 13. HP: 79/84 MP: 13/13
 16447 | Lair:1   | Received a gift from Trog
 17937 | Lair:3   | Reached skill level 13 in Maces & Flails
 18351 | Lair:3   | You fall through a shaft for 3 floors!
 18513 | Lair:5   | Found a staircase to the Swamp.
 18567 | Lair:5   | Received a gift from Trog
 19202 | Lair:4   | Found a staircase to the Snake Pit.
 19462 | Lair:4   | Identified Sif Muna's Collected Works on Ghastly Augmentations
 19805 | Lair:4   | Reached skill level 10 in Armour
 21269 | Lair:6   | Gained mutation: Your large and strong wings let you fly indefinitely. [Gargoyle growth]
 21269 | Lair:6   | Reached XP level 14. HP: 76/92 MP: 14/14
 21334 | Lair:6   | Received a gift from Trog
 21334 | Lair:6   | Reached skill level 14 in Maces & Flails
 21337 | Lair:6   | Got an iridescent battleaxe {god gift}
 21343 | Lair:6   | Identified the +7 battleaxe "Bosen" {drain, Dex+4} (Trog gifted it to you on level 6 of the Lair of Beasts)
 21506 | Lair:6   | Found a staircase to the Slime Pits.
 22104 | Lair:7   | Reached skill level 10 in Dodging
 22206 | Lair:6   | Reached ****** piety under Trog
 22972 | Lair:7   | Received a gift from Trog
 23300 | Lair:7   | Reached skill level 15 in Maces & Flails
 24123 | Lair:7   | Got a warped buckler
 24134 | Lair:7   | Identified the +1 buckler of Qytuph {rPois rC- Str+4} (You found it on level 7 of the Lair of Beasts)
 24368 | Lair:8   | Entered Level 8 of the Lair of Beasts
 24609 | Lair:8   | Noticed Maud
 24641 | Lair:8   | Killed Maud
 24641 | Lair:8   | Received a gift from Trog
 24968 | Lair:8   | Reached XP level 15. HP: 94/100 MP: 15/15
 25996 | Lair:8   | Reached skill level 16 in Maces & Flails
 26116 | Lair:8   | Found a burning altar of Makhleb.
 26376 | Lair:8   | Found a gateway to Hell.
 26384 | Lair:8   | Got a vibrating bone ring
 26386 | Lair:8   | Identified the ring of Tosupteh {rCorr rC++ MP+9} (You found it on level 8 of the Lair of Beasts)
 27006 | Lair:3   | Received a gift from Trog
 27118 | Orc:1    | Entered Level 1 of the Orcish Mines
 27222 | Orc:1    | Found a bloodstained altar of Trog.
 27513 | Orc:2    | Entered Level 2 of the Orcish Mines
 27571 | Orc:2    | Paralysed by an orc sorcerer for 2 turns
 27648 | Orc:1    | Found a roughly hewn altar of Beogh.
 27663 | Orc:1    | Found Nurr's Jewellery Shoppe.
 27671 | Orc:1    | Bought an uncursed ring of see invisible for 255 gold pieces
 27965 | Orc:2    | Found a staircase to the Elven Halls.
 27991 | Orc:2    | Received a gift from Trog
 28254 | Orc:2    | Killed from afar by an orc priest

Skill      XL: |  1  2  3  4  5  6  7  8  9 10 11 12 13 14 15 |
---------------+----------------------------------------------+-----
Dodging        | 2 3 4 6 7 9 10 | 10.1
Fighting       | 4 5 6 7 9 10 11 12 13 14 | 14.5
Maces & Flails | 4 5 6 7 9 10 12 13 15 16 | 16.4
Armour         | 3 4 5 7 8 10 11 12 | 12.0
Shields        | 3 5 6 |  6.9

Action                   |  1- 3 |  4- 6 |  7- 9 | 10-12 | 13-15 || total
-------------------------+-------+-------+-------+-------+-------++-------
Melee: Mace              |   115 |   178 |   235 |       |       ||   528
       Flail             |       |       |   308 |   498 |       ||   806
       Morningstar       |       |       |       |   722 |       ||   722
       Great mace        |       |       |       |    85 |   145 ||   230
       Demon whip        |       |       |       |       |  1664 ||  1664
Invok: Berserk           |     2 |     5 |     9 |    24 |     6 ||    46
       Trog's Hand       |       |       |     3 |     1 |     3 ||     7
 Abil: Fly               |       |       |       |       |     1 ||     1
  Use: Scroll            |       |     8 |     3 |     8 |     7 ||    26
       Potion            |       |       |     1 |     1 |     1 ||     3
  Eat: Chunk             |     4 |    10 |    41 |    59 |    46 ||   160
       Beef jerky        |     1 |       |       |       |       ||     1
       Fruit             |       |       |     3 |       |       ||     3
Armor: Animal skin       |    25 |       |       |       |       ||    25
       Leather armour    |    13 |    57 |   228 |    43 |       ||   341
       Ring mail         |       |       |       |   199 |       ||   199
       Plate armour      |       |       |       |   376 |   829 ||  1205
       Chain mail        |       |       |       |     6 |       ||     6
Dodge: Dodged            |    66 |    88 |   397 |   647 |   568 ||  1766
Block: Buckler           |       |       |       |   121 |   189 ||   310
       Large shield      |       |       |       |       |   146 ||   146
